 Dungeon Crawl Stone Soup version 0.28-a0-819-g6ef7baa362 (webtiles) character file.

Game seed: 15530105345075979298

255 ragingrage the Spear-Bearer (level 6, -3/47 HPs)
             Began as a Merfolk Delver on Nov 8, 2021.
             Killed by divine providence
             ... invoked by an orc priest
              (13 damage)
             ... on level 4 of the Dungeon.
             The game lasted 00:05:09 (3425 turns).

ragingrage the Spear-Bearer (Merfolk Delver)        Turns: 3425, Time: 00:05:10

Health: -3/47      AC:  3    Str: 14    XL:     6   Next: 15%
Magic:  6/6        EV: 12    Int:  9    God:
Gold:   218        SH:  0    Dex: 16    Spells: 5/5 levels left

rFire   . . .      SeeInvis .   a - +0 spear
rCold   . . .      Faith    +   (no shield)
rNeg    . . .      Spirit   .   b - +0 leather armour
rPois   .          Reflect  .   (no helmet)
rElec   .          Harm     .   (no cloak)
rCorr   +          Rampage  .   (no gloves)
Will    .....                   (no boots)
Stlth   +++.......              m - amulet of faith
HPRegen 0.15/turn               p - ring of resist corrosion
MPRegen 0.10/turn               (no ring)

@: no status effects
A: (nimble swimmer 2), mertail
a: no special abilities


You were on level 4 of the Dungeon.
You visited 1 branch of the dungeon, and saw 5 of its levels.

You collected 218 gold pieces.

Inventory:

Hand Weapons
 a - a +0 spear (weapon)
Armour
 b - a +0 leather armour (worn)
Jewellery
 m - an amulet of faith (around neck)
 p - a ring of resist corrosion (left hand)
Wands
 g - a wand of digging (3)
 s - a wand of iceblast (10)
Scrolls
 c - 2 scrolls of fog
 d - 3 scrolls of magic mapping
 e - a scroll of fear
 h - 3 scrolls of enchant armour {unknown}
 i - a scroll of teleportation {unknown}
 j - a scroll of holy word {unknown}
 k - a scroll of silence {unknown}
 l - 2 scrolls of identify {unknown}
 n - 3 scrolls of noise {unknown}
Potions
 f - a potion of haste
 o - a potion of magic {unknown}
 q - 2 potions of heal wounds {unknown}
 r - 2 potions of resistance {unknown}
 t - a potion of attraction {unknown}


   Skills:
 - Level 3.2 Fighting
 * Level 9.1 Polearms
 - Level 2.6 Dodging
 - Level 5.4 Stealth


You had 5 spell levels left.
You didn't know any spells.
Your spell library contained the following spells:

 Spells                   Type           Power      Damage    Failure   Level
 Summon Small Mammal      Summ           0%         N/A       45%         1
 Call Canine Familiar     Summ           0%         N/A       83%         3
 Summon Guardian Golem    Hex/Summ       0%         N/A       83%         3


Dungeon Overview and Level Annotations

Branches:
Dungeon (5/15)
 Temple: D:4-7

Altars:

Shops:
D:4 *

Annotations:
D:2 Sigmund


Innate Abilities, Weirdness & Mutations

((You are quick and stealthy near water. (Stealth+, EV+, Speed+++)))
Your lower body shifts to a powerful aquatic tail in water.


Message History

The orc priest is heavily wounded.
You are too injured to fight recklessly!
You barely miss the orc priest.
The orc priest is heavily wounded.
The orc priest barely misses you.
You are too injured to fight recklessly!
You hit the orc priest.
The orc priest is severely wounded.
The orc priest closely misses you.
You are too injured to fight recklessly!
You hit the orc priest.
The orc priest is severely wounded.
You are too injured to fight recklessly!
You hit the orc priest.
The orc priest is severely wounded.
The orc priest misses you.
You are too injured to fight recklessly!
You barely miss the orc priest.
The orc priest is severely wounded.
You are too injured to fight recklessly!
You hit the orc priest but do no damage.
The orc priest is severely wounded.
The orc priest barely misses you.
You closely miss the orc priest.
The orc priest is severely wounded.
The orc priest hits you with a +0 flail!
You are too injured to fight recklessly!
You hit the orc priest but do no damage.
The orc priest is severely wounded.
You are too injured to fight recklessly!
You hit the orc priest.
The orc priest is almost dead.
The orc priest hits you with a +0 flail.
* * * LOW HITPOINT WARNING * * *
You are too injured to fight recklessly!
You completely miss the orc priest.
The orc priest is almost dead.
The orc priest mumbles some strange prayers to Beogh against you.
Beogh smites you!
You die...

..................#.# #..#####?#.
....................##..........
##..................$ #.......#
...#..<.............# #......#
#..................#####......##
##.)..................##........
...o..............$.##..........#
...J.............................
.####..........o@.......<.#..#..#
##.....##.....#.....)......##
##########..##......##.....#
#.###......###..... ..
#........).#..# #..
#......######.# #.# #......# ..
.. #......# . #......# #


You could see an orc priest.

Vanquished Creatures
  A necrophage (D:3)
  An orc wizard (D:3)
  4 gnolls (D:3)
  4 adders
  A worm (D:2)
  A dart slug (D:1)
  3 orcs
  7 ball pythons
  2 endoplasms
  3 giant cockroaches
  8 goblins
  4 hobgoblins
  3 jackals (D:3)
  2 kobolds (D:1)
  4 quokkas
  5 bats
  2 frilled lizards (D:1)
  9 rats
64 creatures vanquished.

Notes
Turn   | Place    | Note
-------+----------+-------------------------------------------
     0 | D:5      | ragingrage the Merfolk Delver began the quest for the Orb.
     0 | D:5      | Reached XP level 1. HP: 18/18 MP: 1/1
    22 | D:4      | Found Iblelumn's Mayhem Merchandise.
    97 | D:3      | Reached skill level 4 in Polearms
    97 | D:3      | Reached XP level 2. HP: 4/24 MP: 2/2
   458 | D:3      | Reached skill level 5 in Polearms
   458 | D:3      | Reached XP level 3. HP: 27/29 MP: 3/3
   478 | D:4      | Noticed a scorpion
   986 | D:1      | Reached skill level 6 in Polearms
  1260 | D:1      | Reached XP level 4. HP: 35/35 MP: 4/4
  2137 | D:3      | Noticed a necrophage
  2217 | D:2      | Noticed Sigmund
  2430 | D:3      | Killed a necrophage
  2431 | D:3      | Reached skill level 8 in Polearms
  2431 | D:3      | Reached XP level 5. HP: 8/41 MP: 5/5
  3162 | D:3      | Reached XP level 6. HP: 47/47 MP: 6/6
  3346 | D:3      | Reached skill level 9 in Polearms
  3425 | D:4      | Killed from afar by an orc priest

Illustrated notes

Levels and vault maps discovered:
D:1:      elethiomel_arrival_infinity_welcomes_careful_drivers, layout_basic
D:2:      layout_basic, uniq_sigmund
D:3:      layout_basic, chequers_serial_rivers_room_a, dk_noncrumbling_4
D:4:      layout_rooms, minmay_misc_feat_secret_circle, minmay_shop_mayhem
D:5:      layout_basic, minmay_temple_entry_hall, portal_sewer_entry_d

Skill      XL: |  1  2  3  4  5  6 |
---------------+-------------------+-----
Polearms       | 4 5 6 8 9 |  9.1
Fighting       | |  3.2
Dodging        | |  2.6
Stealth        | |  5.4

Action                   |  1- 3 |  4- 6 || total
-------------------------+-------+-------++-------
Melee: Spear             |   115 |   171 ||   286
 Stab: Sleeping          |     7 |     5 ||    12
       Distracted        |       |     1 ||     1
Armor: Leather armour    |    30 |    20 ||    50
Dodge: Dodged            |    53 |    53 ||   106

Table legend: (Time is in decaauts)
 A = Elapsed time spent in this place.
 B = Non-inter-level travel time spent in this place.
 C = Inter-level travel time spent in this place.
 D = Time resting spent in this place.
 E = Time spent auto-exploring this place.
 F = Levels seen in this place.
 G = Mean time per level.
                   A        B        C        D        E       F      G
               +--------+--------+--------+--------+--------+-----+--------+
         Total |   3366 |   3280 |     86 |    465 |   2202 |   5 |  673.2 |
       Dungeon |   3366 |   3280 |     86 |    465 |   2202 |   5 |  673.2 |
               +--------+--------+--------+--------+--------+-----+--------+

Top non-repeatable levels by time:
     D:3: 1341 daAuts
     D:1: 1000 daAuts
     D:2: 657 daAuts
     D:4: 345 daAuts
     D:5: 22 daAuts
